 Dungeon Crawl Stone Soup version 0.30-b1-2-g02819fbbbe (webtiles) character file.

Game seed: 5173705099819273593

3926 HoaS the Skirmisher (level 9, -2/67 HPs)
             Began as a Demigod Hunter on May 21, 2023.
             Slain by a meliai
             ... wielding a +0 war axe
              (3 damage)
             ... on level 8 of the Dungeon.
             The game lasted 00:18:48 (8078 turns).

HoaS the Skirmisher (Demigod Hunter)                Turns: 8078, Time: 00:18:49

Health: -2/67      AC: 11    Str: 12    XL:     9   Next: 70%
Magic:  11/11      EV: 13    Int: 13    God:
Gold:   711        SH:  5    Dex: 35    Spells: 8/8 levels left

rFire   . . .        a - +2 shortbow
rCold   . . .        (shield currently unavailable)
rNeg    + . .        l - +2 leather armour {rN+}
rPois   .            (no helmet)
rElec   .            h - +1 cloak
rCorr   .            (no gloves)
SInv    .            (no boots)
Will    .....        t - amulet of reflection
Stlth   +++          f - +4 ring of protection
HPRegen 0.31/turn    k - ring of Lileq {Int+2 Dex+6}
MPRegen 0.12/turn

%: reflection
@: lethally poisoned (-2 -> -24)
A: high MP 1, forlorn, divine attributes
a: no special abilities


You were on level 8 of the Dungeon.
You visited 1 branch of the dungeon, and saw 8 of its levels.
You also visited: Ossuary.

You collected 1371 gold pieces.
You spent 660 gold pieces at shops.

Inventory:

Hand Weapons
 a - a +2 shortbow (weapon)
Missiles
 s - 2 throwing nets
Armour
 h - a +1 cloak (worn)
 l - a +2 leather armour of positive energy (worn)
Jewellery
 f - a +4 ring of protection (left hand)
 j - a ring of poison resistance
 k - the ring of Lileq (right hand) {Int+2 Dex+6}
   (You acquired it on level 5 of the Dungeon)

   [ring of dexterity]

   Int:       It affects your intelligence (+2).
   Dex:       It affects your dexterity (+6).
 m - a ring of positive energy
 t - an amulet of reflection (around neck)
Wands
 p - a wand of flame (16)
 r - a wand of iceblast (11)
Scrolls
 b - 4 scrolls of immolation
 e - 3 scrolls of vulnerability
 q - 2 scrolls of fear
 w - a scroll of teleportation
Potions
 c - 3 potions of flight
 d - a potion of mutation {unknown}
 g - 3 potions of attraction
 i - 3 potions of haste
 n - 3 potions of brilliance {unknown}
 o - 3 potions of heal wounds
 u - a potion of berserk rage {unknown}
 v - a potion of ambrosia {unknown}
 x - a potion of cancellation {unknown}


   Skills:
 - Level 1.7 Fighting
 + Level 13.6 Ranged Weapons
 - Level 1.7 Dodging
 - Level 0.8 Stealth


You had 8 spell levels left.
You didn't know any spells.
Your spell library contained the following spells:

 Spells                   Type           Power      Damage    Failure   Level
 Foxfire                  Conj/Fire      0%         2x1d4     36%         1
 Freeze                   Ice            0%         1d3       36%         1
 Frozen Ramparts          Ice            0%         1d1       75%         3
 Hailstorm                Conj/Ice       0%         3d3       75%         3
 Fireball                 Conj/Fire      0%         3d3       100%        5
 Iskenderun's Battlesphe  Conj           0%         2d6       100%        5
 Conjure Ball Lightning   Conj/Air       0%         3x3d6     100%        6
 Plasma Beam              Fire/Air       0%         2x1d11    100%        6
 Starburst                Conj/Fire      0%         6d3       100%        6
 Orb of Destruction       Conj           0%         9d5       100%        7


Dungeon Overview and Level Annotations

Branches:
Dungeon (8/15)             Temple (0/1) D:4            Lair (0/5) D:8
Ossuary (visited)

Shops:
D:6 =


Innate Abilities, Weirdness & Mutations

You have an increased reservoir of magic. (+10% MP)
You shall have no god before yourself.
Your divine heritage dramatically boosts your attributes as you level up.


Message History

There is a stone staircase leading down here.
You shoot an arrow. The arrow misses the killer bee.
The killer bee barely misses you. The killer bee closely misses you.
You shoot an arrow. The arrow hits the killer bee.
You kill the killer bee!
No target in view!
There is a stone staircase leading down here.
You climb downwards.
There is a stone staircase leading up here.
Found a club.
You open the door.
A cyan ugly thing and a meliai come into view.
Found two escape hatches in the ceiling and two escape hatches in the floor.
The cyan ugly thing gurgles horribly!
The meliai buzzes angrily.
There is an open door here.
The meliai barely misses you. The meliai misses you.
The meliai attacks as you move away! The meliai hits you with a +0 war axe!
The meliai stings you.
You are poisoned.
The meliai poisons you!
You feel very sick. The meliai hits you with a +0 war axe!
The meliai closely misses you.
You feel very sick. The meliai closely misses you. The meliai stings you.
You feel very sick. The meliai closely misses you. x2
You feel sick. The meliai hits you with a +0 war axe.
* * * LOW HITPOINT WARNING * * *
The meliai stings you.
* * * LOW HITPOINT WARNING * * *
You are lethally poisoned!
The meliai poisons you! The meliai attacks as you move away!
The meliai closely misses you. The meliai barely misses you.
* * * LOW HITPOINT WARNING * * *
You feel extremely sick. The meliai hits you with a +0 war axe!
* * * LOW HITPOINT WARNING * * *
The meliai stings you.
You die...

................# ###..#...
.#.....#.......############....#.
.....#####.....##...##...##...##P
...###>.<###..)......#...##.#..P.
.### #...#.###.......#..##..#≈.PP
## #..u#...###.....#......#....
#...#)....###............##P
#...#.......###...###.....#.
+...'...u.y@.<###.###...#...
#...#.......###...'......###
#...#.....###.....#.....>... ##
#...#...###.......#......... .###
#...#.###.......###..######'
...###>.<###.........#########...
.....#####.................#.....
.(.....#...................'.....
...............########.#######..


You could see a cyan ugly thing and a meliai.

Vanquished Creatures
  A gargoyle (D:8)
  A hornet (D:8)
  A wyvern (D:8)
  Sigmund (D:5)
  Menkaure (D:4)
  4 sky beasts
  A water moccasin (D:6)
  A black bear (D:6)
  An ice beast (D:6)
  2 orc warriors
  2 centaurs
  2 kobold brigands
  A phantom (D:5)
  2 bullfrogs
  4 wights
  A killer bee (D:7)
  2 jellies
  4 hounds
  Crazy Yiuf (D:7)
  3 gnoll boudas
  8 orc priests
  A sleepcap (D:5)
  2 iguanas
  7 orc wizards
  Natasha (thrice) (D:2)
  2 hound zombies (Ossuary)
  4 mummies (Ossuary)
  15 gnolls
  7 adders
  A white imp (D:8)
  2 ufetubi (D:6)
  2 adder zombies (Ossuary)
  A worm (D:2)
  6 dart slugs
  38 orcs
  11 ball pythons
  3 bats
  5 endoplasms
  2 giant cockroaches
  4 goblins
  5 hobgoblins
  4 jackals (D:4)
  2 quokkas
  4 hobgoblin zombies (Ossuary)
  A jackal zombie (Ossuary)
  14 kobolds
  3 rats
  3 rat zombies (Ossuary)
196 creatures vanquished.

Vanquished Creatures (others)
  A kobold brigand (D:8)
  An orc wizard (D:6)
2 creatures vanquished.

Grand Total: 198 creatures vanquished

Notes
Turn   | Place    | Note
-------+----------+-------------------------------------------
     0 | D:1      | HoaS the Demigod Hunter began the quest for the Orb.
     0 | D:1      | Reached XP level 1. HP: 17/17 MP: 3/3
   189 | D:1      | Reached skill level 4 in Ranged Weapons
   418 | D:1      | Reached XP level 2. HP: 24/24 MP: 4/4
  1167 | D:2      | Noticed Natasha
  1175 | D:2      | Killed Natasha
  1176 | D:2      | Reached skill level 5 in Ranged Weapons
  1176 | D:2      | Reached XP level 3. HP: 22/29 MP: 5/5
  1404 | D:2      | Noticed Natasha
  1409 | D:2      | Killed Natasha
  1410 | D:2      | Reached XP level 4. HP: 32/36 MP: 6/6
  1519 | D:2      | Noticed Natasha
  1530 | D:2      | Killed Natasha
  2137 | D:3      | Reached skill level 6 in Ranged Weapons
  2137 | D:3      | Reached XP level 5. HP: 34/41 MP: 7/7
  2914 | D:4      | Noticed Menkaure
  3084 | D:4      | Reached XP level 6. HP: 41/48 MP: 8/8
  3140 | D:4      | Reached skill level 7 in Ranged Weapons
  3297 | D:4      | Found a staircase to the Ecumenical Temple.
  3351 | D:4      | Killed Menkaure
  3755 | D:5      | Entered Level 5 of the Dungeon
  3953 | D:5      | Reached skill level 8 in Ranged Weapons
  4055 | D:5      | Reached XP level 7. HP: 50/53 MP: 9/9
  4336 | D:5      | Noticed Sigmund
  4342 | D:5      | Found a sand-covered staircase.
  4350 | Ossuary  | Entered an ossuary
  4956 | D:5      | Killed Sigmund
  4957 | D:5      | Reached skill level 9 in Ranged Weapons
  5242 | D:5      | Identified 2 scrolls of acquirement
  5242 | D:5      | Acquired 812 gold pieces
  5244 | D:5      | Acquired the ring of Lileq {Int+2 Dex+6}
  5482 | D:6      | Reached XP level 8. HP: 50/60 MP: 10/10
  5549 | D:6      | Reached skill level 10 in Ranged Weapons
  5763 | D:6      | Found Rainwics's Jewellery Shoppe.
  5773 | D:6      | Bought a +4 ring of protection for 360 gold pieces
  5773 | D:6      | Bought an amulet of reflection for 300 gold pieces
  6159 | D:6      | Reached skill level 11 in Ranged Weapons
  6756 | D:7      | Identified the +10 spear "Tobyps" {vamp, Stlth+}
  6802 | D:6      | Reached XP level 9. HP: 66/67 MP: 11/11
  6821 | D:6      | Reached skill level 12 in Ranged Weapons
  7425 | D:7      | Found a runed translucent door.
  7426 | D:7      | Noticed Crazy Yiuf
  7491 | D:7      | Killed Crazy Yiuf
  7543 | D:8      | Paralysed by a hornet for 2 turns
  7557 | D:8      | Reached skill level 13 in Ranged Weapons
  7849 | D:8      | Noticed a gargoyle
  7861 | D:8      | Killed a gargoyle
  7963 | D:8      | Found a staircase to the Lair.
  8071 | D:8      | Noticed a cyan ugly thing
  8078 | D:8      | HP: 1/67 [meliai/+0 war axe (8)]
  8078 | D:8      | Slain by a meliai

Illustrated notes

Levels and vault maps discovered:
D:1:      dpeg_arrival_connections, layout_basic, kennysheep_flooded_box,
          nicolae_figureground_sparkle
D:2:      layout_basic, uniq_natasha
D:3:      layout_loops_ring, ebering_ecumenical_altar_abandoned,
          kennysheep_orc_chapel
D:4:      layout_loops_ring, mainiacjoe_overflow_alcove_4, temple_doors_e,
          feat_on_display, uniq_menkaure
D:5:      layout_basic, nicolae_ossuary_entry_plus, minmay_misc_feat_five,
          abandoned_shop, uniq_sigmund
D:6:      cheibrodos_quashed, layout_rooms, fedhas_ov_isle_minmay,
          general_overflow_altar, minitemple, minmay_shop_enchanted_jewellery
D:7:      layout_rooms, mainiacjoe_overflow_concentric_impassable, minivault_26,
          uniq_crazy_yiuf_cottage
D:8:      minmay_diamond_stairs, layout_gridville, dpeg_oklobed_lair,
          uniq_maurice

Skill      XL: |  1  2  3  4  5  6  7  8  9 |
---------------+----------------------------+-----
Ranged Weapons | 4 5 6 8 9 11 13 | 13.6
Fighting       | |  1.7
Dodging        | |  1.7
Stealth        | |  0.8

Action                     |  1- 3 |  4- 6 |  7- 9 || total
---------------------------+-------+-------+-------++-------
   Fire: Shortbow          |    93 |   191 |   418 ||   702
    Use: Scroll            |     2 |     4 |    14 ||    20
         Potion            |       |       |     2 ||     2
 Armour: Leather armour    |    10 |    20 |    84 ||   114
  Dodge: Dodged            |    22 |    45 |   152 ||   219
  Block: Other             |       |       |    31 ||    31
         Reflection        |       |       |     2 ||     2
